 Dungeon Crawl Stone Soup version 0.25-a0-426-g7d9e569eea (webtiles) character file.

Game seed: 13257435751855293998, levelgen mode: deterministic

168 ReteAZ the Digger (level 5, 0/31 HPs)
             Began as an Octopode Earth Elementalist on Jan 25, 2020.
             Killed by divine providence
             ... invoked by an orc priest
              (12 damage)
             ... on level 4 of the Dungeon.
             The game lasted 00:04:07 (3555 turns).

ReteAZ the Digger (Octopode Earth Elementalist)     Turns: 3555, Time: 00:04:08

Health: 0/31       AC:  1    Str:  8    XL:     5   Next: 49%
Magic:  1/9        EV: 13    Int: 17    God:
Gold:   135        SH:  0    Dex: 13    Spells: 9/10 levels left

rFire    . . .     SeeInvis .   (no weapon)
rCold    . . .     Gourm    .   (no shield)
rNeg     . . .     Faith    .   (helmet restricted)
rPois    .         Spirit   .   (no amulet)
rElec    .         Reflect  .   (no ring)
rCorr    .         Harm     .   (no ring)
MR       .....                  (no ring)
Stlth    +++.......             (no ring)
HPRegen  0.10/turn              (no ring)
MPRegen  0.11/turn              (no ring)
                                (no ring)
                                (no ring)

@: no status effects
A: almost no armour, stealthy swim, amphibious, 8 rings, constrict 8, camouflage
1, gelatinous body 1
a: no special abilities


You were on level 4 of the Dungeon.
You were not hungry.

You visited 1 branch of the dungeon, and saw 4 of its levels.

You collected 135 gold pieces.

Inventory:

Missiles
 b - 23 stones (quivered)
Jewellery
 i - an uncursed amulet of guardian spirit {unknown}
 j - an uncursed ring of poison resistance {unknown}
Wands
 m - a wand of scattershot (6)
Scrolls
 a - a scroll of fear {unknown}
 d - a scroll of blinking {unknown}
 e - 4 scrolls of identify {unknown}
 f - a scroll of random uselessness {unknown}
Potions
 g - 3 potions of curing {unknown}
 h - 2 potions of heal wounds {unknown}
 l - a potion of flight {unknown}
 n - a potion of degeneration {unknown}
Comestibles
 c - 5 rations
 k - 3 chunks of flesh


   Skills:
 - Level 2.0 Dodging
 - Level 2.6 Stealth
 + Level 3.2 Spellcasting
   Level 1.0 Transmutations
 * Level 5.2 Earth Magic


You had 9 spell levels left.
You knew the following spells:

 Your Spells              Type           Power        Failure   Level  Hunger
a - Sandblast             Erth           ###...       1%          1    None

Your spell library contained the following spells:

 Spells                   Type           Power        Failure   Level  Hunger
 Passwall                 Tmut/Erth      ##......     7%          2    ##.....
 Stone Arrow              Conj/Erth      ##....       17%         3    ###....
 Petrify                  Tmut/Erth      ##......     43%         4    ####...
 Lee's Rapid Deconstruct  Erth           ###.......   50%         5    ######.


Dungeon Overview and Level Annotations

Branches:
Dungeon (4/15)             Temple (0/1) D:4

Altars:
Qazlal
Zin


Innate Abilities, Weirdness & Mutations

You cannot wear most types of armour.
You are very stealthy in the water. (Stealth+)
You are amphibious.
You can wear up to eight rings at the same time.
You can use your tentacles to constrict eight enemies at once.
Your skin changes colour to match your surroundings (Stealth+).
Your rubbery body absorbs attacks. (AC +1, EV +1)


Message History

Press: ? - help, Shift-Dir - straight line, f/p - orc priest
Aim: an orc priest, wielding a +1 dagger of venom The blast of sand hits the orc priest.
The orc priest is moderately wounded.
b - 23 stones The orc throws a boomerang.
The boomerang completely misses you.
The weapon returns to the orc!
The orc throws a boomerang.
The boomerang misses you.
The weapon returns to the orc!
The orc throws a boomerang.
The boomerang misses you.
The weapon returns to the orc!
A leopard gecko comes into view.
The orc closely misses you.
The orc priest mumbles some strange prayers to Beogh against you.
Pain shoots through your body!
The leopard gecko hisses angrily.
The orc barely misses you.
The orc priest invokes the aid of Beogh against you.
Beogh smites you!
You die...

#. ####+## #. #.....##
#. #......## # ##.##
##.#.....#.# .
###...####..)#......##..
.....÷.÷.'...####.......
###...####...o## #......
#..## ##..o.##...# #.#
##.#..@.l# #. #..#o.>.##
#. ###.##....#
#.#######...##.^.##.
..........###..##.#
.##..###..###.#..# #
###...#....##
#............
.....#......###


You could see an orc priest, 2 orcs and a leopard gecko.

Vanquished Creatures
  2 orc wizards (D:4)
  4 adders
  3 worms
  A dart slug (D:3)
  3 leopard geckos
  3 bats
  A giant cockroach (D:1)
  10 goblins
  4 hobgoblins
  7 jackals
  A quokka (D:4)
  A ball python skeleton (D:2)
  6 frilled lizards
  6 kobolds
  10 rats
62 creatures vanquished.

Notes
Turn   | Place    | Note
-------+----------+-------------------------------------------
     0 | D:1      | ReteAZ the Octopode Earth Elementalist began the quest for
                  | the Orb.
     0 | D:1      | Reached XP level 1. HP: 11/11 MP: 3/3
   618 | D:1      | Reached XP level 2. HP: 17/17 MP: 3/5
  1253 | D:2      | Reached XP level 3. HP: 17/21 MP: 6/6
  1583 | D:2      | Found a transporter.
  1587 | D:2      | Found a transporter.
  1587 | D:2      | Found a stormy altar of Qazlal.
  1767 | D:2      | Found a faded altar of an unknown god.
  1773 | D:2      | Reached skill level 4 in Earth Magic
  2059 | D:3      | Found a glowing silver altar of Zin.
  2101 | D:3      | Reached XP level 4. HP: 18/27 MP: 0/8
  3500 | D:4      | Found a staircase to the Ecumenical Temple.
  3549 | D:4      | Reached skill level 5 in Earth Magic
  3549 | D:4      | Reached XP level 5. HP: 21/31 MP: 2/9
  3555 | D:4      | Killed from afar by an orc priest

Levels and vault maps discovered:
D:1:      dpeg_arrival_more_subterranean_lakeside_camping, layout_basic
D:2:      layout_basic, gammafunk_temple_overflow_arena,
          chequers_ecumenical_altar_simple_redux, first_ration, chequers_avenue,
          minmay_tetromino_i2
D:3:      layout_basic, lemuel_round_altar
D:4:      mumra_celtic_spiral_tile, layout_loops_corners, vehumet_altar_wand_db,
          minmay_temple_entry_wispy

Skill      XL: |  1  2  3  4 |
---------------+-------------+-----
Earth Magic    | 4 5 |  5.2
Spellcasting   | 3 |  3.2
Dodging        | |  2.0
Stealth        | |  2.6
Transmutations | |  1.0

Action                   |  1- 3 |  4- 6 || total
-------------------------+-------+-------++-------
Melee: Unarmed           |    96 |    53 ||   149
       Constrict         |    25 |    17 ||    42
       Tentacles         |    13 |     8 ||    21
 Cast: Sandblast         |    22 |    15 ||    37
 Stab: Sleeping          |    10 |     5 ||    15
  Eat: Chunk             |     4 |     4 ||     8
Armor: Skin              |    12 |     4 ||    16
Dodge: Dodged            |    55 |    48 ||   103

Table legend:
 A = Non-vault XP
 B = Vault XP
 C = Vault XP percentage of total XP
 D = Non-vault monster count
 E = Vault monster count
 F = Vault count percentage of total count
                 A         B        C        D         E       F
            +---------+---------+-------+---------+---------+-------
      Total |     239 |       2 |   0.8 |      60 |       2 |   3.2
            +---------+---------+-------+---------+---------+-------
        D:1 |      27 |       0 |   0.0 |      19 |       0 |   0.0
        D:2 |      28 |       2 |   6.7 |      14 |       2 |  12.5
        D:3 |      81 |       0 |   0.0 |      20 |       0 |   0.0
        D:4 |     103 |       0 |   0.0 |       7 |       0 |   0.0
            +---------+---------+-------+---------+---------+-------
